AoeStats
← FurkTheTurk

Black Forest

504636443Analyzed
4v4 RM · 26d ago on Sep 6, 2026· 41m 25s· 8 players
Game mode
Random Map
Map size
Large (8 player)
Population
200
Speed
Normal
Resources
Standard
Victory
Conquest
Starting age
Dark Age
Ending age
Imperial Age
RankedLock teamsTeams togetherTeam positionsShared explorationLock speedFull tech treeHidden civsTurbo modeCheats
Victory
Defeat
🇨🇦 Dravidians · Canada
1111
+12
🇨🇦 Persians · Canada
1003
+16
🇨🇦 Khmer · Canada
1000
+51
🇨🇦 Burgundians · Canada
991
+17
🇹🇼 Burgundians · Taiwan
1045
-17
🇦🇺 Spanish · Australia
1042
-17
🇨🇳 Goths · China
990
-14
🇺🇸 Hindustanis · United States
983
-40
nvda
11:25 Feudal Age
15:21 Castle Age
13:48 Double-Bit Axe
13:56 Horse Collar
15:24 Bow Saw
16:35 Wheelbarrow
16:50 Fishing Lines
22:15 Gold Mining
23:53 Loom
25:20 Gold Shaft Mining
25:42 Gillnets
28:28 Imperial Age
26:31 Hand Cart
27:13 Stone Mining
27:15 Town Watch
28:26 Fletching
28:37 Padded Archer Armor
29:00 Ballistics
29:34 Burgundian Vineyards
29:52 Conscription
29:34 Pikeman
30:22 Onager
33:07 Chemistry
31:48 Treadmill Crane
32:11 Cavalier
32:51 Husbandry
33:07 Forging
33:03 Scale Barding Armor
33:46 Paladin
35:23 Iron Casting
35:08 Chain Barding Armor
37:50 Plate Barding Armor
40:10 Blast Furnace
39:13 Halberdier
40:48 Scale Mail Armor
crisdare1201
15:47 Feudal Age
17:27 Horse Collar
17:56 Double-Bit Axe
23:03 Castle Age
21:31 Stone Mining
21:32 Gold Mining
23:10 Wheelbarrow
27:26 Gold Shaft Mining
27:26 Stone Shaft Mining
27:13 Bow Saw
29:24 Heavy Plow
29:42 Town Watch
30:55 Hand Cart
36:41 Imperial Age
35:27 Town Patrol
36:03 Grand Trunk Road
39:29 Ballistics
40:10 Chemistry
Angusjack
0:29 Loom
12:52 Feudal Age
17:51 Castle Age
16:59 Double-Bit Axe
18:11 Gold Mining
28:58 Imperial Age
27:20 Pikeman
27:47 Gambesons
29:36 Wheelbarrow
31:13 Chemistry
32:02 Conscription
31:25 Horse Collar
33:47 Elite Conquistador
34:22 Elite Skirmisher
35:47 Town Watch
37:49 Ballistics
37:40 Fortified Wall
38:59 Thumb Ring
39:56 Scale Barding Armor
39:41 Fletching
40:11 Masonry
布丁骰子
10:30 Feudal Age
10:57 Double-Bit Axe
11:09 Fishing Lines
21:55 Castle Age
19:59 Horse Collar
22:29 Gillnets
23:09 Bow Saw
24:36 Heavy Plow
29:06 Imperial Age
27:53 Gold Mining
27:54 Stone Mining
29:32 Wheelbarrow
28:44 Loom
29:13 Forging
29:05 Scale Mail Armor
28:53 Pikeman
29:34 Squires
30:20 Stone Shaft Mining
30:31 Iron Casting
29:32 Halberdier
31:27 Hand Cart
31:37 Chain Mail Armor
33:34 Blast Furnace
36:43 Fletching
36:56 Perfusion
36:57 Anarchy
37:18 Conscription
37:49 Elite Huskarl
IYI Ramo IYI
1:34 Loom
11:58 Feudal Age
17:04 Castle Age
29:33 Double-Bit Axe
29:52 Cavalier
31:40 Bow Saw
31:43 Forging
31:39 Scale Barding Armor
33:25 Two-Man Saw
33:03 Iron Casting
32:20 Horse Collar
33:12 Husbandry
33:37 Chain Barding Armor
36:00 Imperial Age
34:07 Wheelbarrow
33:21 Town Watch
34:05 Light Cavalry
35:14 Gold Mining
36:53 Gold Shaft Mining
36:11 Stone Mining
36:45 Hand Cart
36:30 Town Patrol
38:33 Heavy Plow
37:55 Paladin
39:13 Burgundian Vineyards
39:28 Padded Archer Armor
39:25 Fletching
40:35 Blast Furnace
40:11 Plate Barding Armor
40:53 Crop Rotation
39:45 Elite Skirmisher
40:49 Ballistics
41:29 Chemistry
40:46 Leather Archer Armor
yigido
11:21 Feudal Age
11:58 Horse Collar
12:06 Double-Bit Axe
18:34 Wheelbarrow
19:01 Scale Barding Armor
19:08 Forging
21:57 Castle Age
20:58 Scale Mail Armor
20:59 Padded Archer Armor
20:50 Fletching
21:46 Bloodlines
21:47 Gold Mining
23:03 Hand Cart
24:27 Husbandry
27:05 Gold Shaft Mining
26:53 Bow Saw
27:40 Stone Mining
31:35 Imperial Age
30:14 Stone Shaft Mining
30:32 Iron Casting
30:23 Chain Barding Armor
32:29 Elite Battle Elephant
33:24 Heavy Plow
34:47 Blast Furnace
35:27 Plate Barding Armor
36:14 Ballistics
40:21 Double Crossbow
41:08 Elite Ballista Elephant
FurkTheTurk
2:29 Loom
11:32 Feudal Age
12:16 Horse Collar
12:26 Double-Bit Axe
18:40 Castle Age
19:56 Bow Saw
19:48 Heavy Plow
23:26 Wheelbarrow
24:21 Gold Mining
25:22 Hand Cart
26:08 Pikeman
26:49 Squires
26:36 Gambesons
28:49 Stone Mining
29:33 Forging
29:24 Scale Mail Armor
29:29 Scale Barding Armor
29:15 Fletching
29:25 Padded Archer Armor
30:07 Stone Shaft Mining
30:21 Thumb Ring
31:45 Gold Shaft Mining
34:08 Imperial Age
33:21 Town Watch
33:29 Town Watch
34:10 Capped Ram
34:12 Elite War Elephant
35:55 Iron Casting
35:57 Conscription
35:06 Siege Ram
38:43 Citadels
38:35 Halberdier
eduderino66_
12:29 Feudal Age
13:45 Double-Bit Axe
17:27 Castle Age
15:26 Horse Collar
18:52 Bow Saw
23:52 Wheelbarrow
24:12 Fletching
24:26 Padded Archer Armor
25:57 Ballistics
25:49 Bodkin Arrow
27:34 Thumb Ring
31:01 Imperial Age
29:57 Hand Cart
30:07 Leather Archer Armor
30:05 Gold Mining
30:06 Stone Mining
30:40 Husbandry
31:22 Elite Elephant Archer
33:50 Chemistry
32:52 Bracer
33:22 Ring Archer Armor
33:16 Medical Corps
33:51 Conscription
36:45 Masonry
37:16 Heavy Plow
38:09 Bombard Tower
Connection lost

Rejoining the realm…

Still unreachable

The connection could not be restored.

Session expired

The server has moved on; the page needs a fresh start.